AoeStats
← Schöner Pikser

Pilgrims

510136708Analyzed
2v2 RM · 3d ago on Sep 29, 2026· 32m 37s· 4 players
Game mode
Random Map
Map size
Medium (4 player)
Population
200
Speed
Normal
Resources
Standard
Victory
Conquest
Starting age
Dark Age
Ending age
Imperial Age
RankedLock teamsTeams togetherTeam positionsShared explorationLock speedFull tech treeHidden civsTurbo modeCheats
Victory
Defeat
🇩🇪 Japanese · Germany
1300
+15
🇩🇪 Vietnamese · Germany
1298
+15
🇦🇷 Persians · Argentina
1385
-19
🇦🇷 Cumans · Argentina
1183
-11
Purpo22
7:59 Loom
13:46 Feudal Age
14:56 Double-Bit Axe
17:11 Wheelbarrow
22:04 Castle Age
20:39 Scale Barding Armor
20:45 Forging
21:28 Bloodlines
22:00 Town Watch
23:26 Medium Warships
29:25 Chain Barding Armor
29:41 Iron Casting
30:11 Hand Cart
Ricardo Arjona
2:46 Loom
10:25 Feudal Age
11:07 Double-Bit Axe
19:47 Castle Age
18:34 Fishing Lines
20:54 Medium Warships
24:03 Fletching
24:22 Gillnets
25:20 Bodkin Arrow
Schöner Pikser
6:46 Loom
10:13 Feudal Age
11:07 Double-Bit Axe
12:52 Loom
14:38 Wheelbarrow
20:51 Castle Age
19:11 Gold Mining
22:45 Gold Shaft Mining
23:11 Redemption
23:22 Sanctity
22:53 Horse Collar
25:07 Fervor
29:10 Stone Mining
29:54 Pikeman
32:05 Man-at-Arms
32:31 Gambesons
__ynot__
7:02 Loom
10:57 Feudal Age
14:32 Castle Age
13:16 Double-Bit Axe
16:01 Horse Collar
17:03 Heavy Plow
17:06 Fletching
18:34 Bodkin Arrow
31:32 Imperial Age
30:35 Ballistics
33:24 Wheelbarrow
32:52 Padded Archer Armor
33:05 Bracer
Connection lost

Rejoining the realm…

Still unreachable

The connection could not be restored.

Session expired

The server has moved on; the page needs a fresh start.